 Dungeon Crawl Stone Soup version 0.23.2-1-ga50397a6bc (webtiles) character file.

Game seed: 473891401445862123

44 Descartes the Magician (level 3, 0/16 HPs)
             Began as a Vine Stalker Wizard on May 5, 2019.
             Succumbed to an adder's poison
             ... on level 2 of the Dungeon.
             The game lasted 00:05:00 (1428 turns).

Descartes the Magician (Vine Stalker Wizard)        Turns: 1428, Time: 00:05:01

Health: 0/16       AC:  4    Str:  9    XL:     3   Next: 60%
Magic:  1/9        EV: 12    Int: 18    God:
Gold:   54         SH:  0    Dex: 13    Spells: 6/9 levels left

rFire    . . .     SeeInvis .   k - +3 dagger (protect)
rCold    . . .     Gourm    .   (no shield)
rNeg     . . .     Faith    .   a - +0 robe
rPois    .         Spirit   +   j - +0 helmet
rElec    .         Reflect  .   (no cloak)
rCorr    .         Harm     .   (no gloves)
MR       .....                  e - +0 pair of boots
Stlth    ++........             (no amulet)
HPRegen  0.05/turn              (no ring)
MPRegen  0.11/turn              (no ring)

@: lethally poisoned (0 -> -9), very slightly contaminated
A: fangs 2, magic shield, antimagic bite, no potion heal 3, rot immunity
a: no special abilities


You were on level 2 of the Dungeon.
You were not hungry.

You visited 1 branch of the dungeon, and saw 2 of its levels.

You collected 54 gold pieces.

Inventory:

Hand Weapons
 g - a cursed -1 hunting sling
 k - a +3 dagger of protection (weapon)
Missiles
 c - 7 tomahawks (quivered)
 n - 49 stones
Armour
 a - a +0 robe (worn)
 b - a +0 hat
 e - a +0 pair of boots (worn)
 i - a cursed +0 large shield
 j - a +0 helmet (worn)
 m - a +0 chain mail of fire resistance
Scrolls
 f - a scroll of teleportation {unknown}
 h - a scroll of enchant armour {unknown}
Comestibles
 d - 2 rations


   Skills:
 + Level 0.3 Armour
 * Level 2.0 Dodging
 + Level 2.7 Stealth
 + Level 0.3 Shields
 * Level 1.0 Unarmed Combat
 * Level 3.5 Spellcasting
 * Level 1.7 Conjurations
   Level 1.0 Summonings
 - Level 1.0 Translocations


You had 6 spell levels left.
You knew the following spells:

 Your Spells              Type           Power        Failure   Level  Hunger
a - Magic Dart            Conj           #...         8%          1    None
b - Blink                 Tloc           N/A          16%         2    ##.....

Your spell library contained the following spells:

 Spells                   Type           Power        Failure   Level  Hunger
 Call Imp                 Summ           #.......     16%         2    ##.....
 Slow                     Hex            #.......     24%         2    ##.....
 Conjure Flame            Conj/Fire      #.......     32%         3    ###....
 Mephitic Cloud           Conj/Pois/Air  #.......     36%         3    ###....


Dungeon Overview and Level Annotations

Branches:
Dungeon (2/15)

Altars:


Innate Abilities, Weirdness & Mutations

You have extremely sharp teeth.
When hurt, damage is shared between your health and your magic reserves.
Your bite disrupts and absorbs the magic of your enemies.
Potions cannot restore your health.
You are immune to rotting.


Message History

You don't have enough magic to cast that spell.
Unknown command.
Unknown command.
You aren't carrying any potions.
Quiver which item? (- for none, * to show all) (? for menu, Esc to quit)
Okay, then.
You aren't carrying any potions.
Casting: Magic Dart (safe; 8% risk of failure)
Confirm with . or Enter, or press ? or * to list all spells.
You don't have enough magic to cast that spell.
* * * LOW HITPOINT WARNING * * *
You feel sick. The rat barely misses you.
You see here an adder corpse.
You hit the rat.
Your weapon exudes an aura of protection.
You kill the rat!
* * * LOW HITPOINT WARNING * * *
You feel sick.
Found a tourmaline ring.
You die...

##. ... .=## .... #...
##.... #...###.l...
####.....%...# #.##.
...........####..#.##
##.#.......#.......#..#
......###...#####..##.##
#....†@##.#..........#
###.##.......>.......#
.....................##
#.#######.#............
.. #.#..........## ..
#..#########.# # ##.#
#..# #.# ##.. #<. #.


You could see a frilled lizard.

Vanquished Creatures
  2 adders (D:2)
  2 dart slugs (D:1)
  2 giant cockroaches
  3 goblins (D:1)
  3 hobgoblins (D:1)
  5 kobolds (D:1)
  A ball python (D:1)
  3 rats (D:2)
21 creatures vanquished.

Notes
Turn   | Place    | Note
-------+----------+-------------------------------------------
     0 | D:1      | Descartes the Vine Stalker Wizard began the quest for the
                  | Orb.
     0 | D:1      | Reached XP level 1. HP: 9/9 MP: 5/5
   335 | D:1      | Reached XP level 2. HP: 13/13 MP: 1/7
   497 | D:1      | Learned a level 2 spell: Blink
  1274 | D:2      | Reached XP level 3. HP: 16/16 MP: 0/9
  1424 | D:2      | Reached skill level 1 in Unarmed Combat
  1428 | D:2      | Succumbed to an adder's poison

Skill      XL: |  1  2  3 |
---------------+----------+-----
Dodging        | 2 |  2.0
Unarmed Combat | 1 |  1.0
Armour         | |  0.3
Stealth        | |  2.7
Shields        | |  0.3
Spellcasting   | |  3.5
Conjurations   | |  1.7
Summonings     | |  1.0
Translocations | |  1.0

Action                   || total
-------------------------++-------
Melee: Unarmed           ||    13
       Bite              ||     5
       Dagger            ||     1
 Cast: Magic Dart        ||    59
  Eat: Chunk             ||     1
Armor: Robe              ||     8
Dodge: Dodged            ||    20
